 Dungeon Crawl Stone Soup version 0.28-a0-1616-g050a50673c (webtiles) character file.

Game seed: 8571819989419782619

73 grindst0ne the Skirmisher (level 4, -2/39 HPs)
             Began as a Palentonga Fighter on Jan 22, 2022.
             Succumbed to a gnoll's poison
             ... on level 2 of the Dungeon.
             The game lasted 00:03:07 (1681 turns).

grindst0ne the Skirmisher (Palentonga Fighter)      Turns: 1681, Time: 00:03:07

Health: -2/39      AC:  6    Str: 19    XL:     4   Next: 8%
Magic:  4/4        EV:  7    Int:  8    God:
Gold:   40         SH:  4    Dex: 12    Spells: 3/3 levels left

rFire   . . .      SeeInvis +   a - +0 war axe
rCold   . . .      Faith    .   c - +0 buckler
rNeg    . . .      Spirit   .   b - +0 scale mail
rPois   .          Reflect  .   (no helmet)
rElec   .          Harm     .   (no cloak)
rCorr   .          Rampage  .   (no gloves)
Will    .....                   (no barding)
Stlth   ..........              (no amulet)
HPRegen 0.13/turn               (no ring)
MPRegen 0.09/turn               (no ring)

@: lethally poisoned (-2 -> -31), hasted, very quick
A: large, rugged brown scales 3, see invisible, deformed body, roll 1, armoured
tail
a: Rolling Charge


You were on level 2 of the Dungeon.
You visited 1 branch of the dungeon, and saw 2 of its levels.

You collected 40 gold pieces.

Inventory:

Hand Weapons
 a - a +0 war axe (weapon)
Missiles
 i - 11 boomerangs (quivered)
Armour
 b - a +0 scale mail (worn)
 c - a +0 buckler (worn)
Jewellery
 h - an amulet of the acrobat
Scrolls
 e - 2 scrolls of identify {unknown}
 f - 2 scrolls of teleportation {unknown}
 g - a scroll of brand weapon {unknown}
 k - a scroll of vulnerability {unknown}
Potions
 j - a potion of flight {unknown}


   Skills:
 + Level 3.7 Fighting
 + Level 3.0 Axes
 - Level 2.4 Armour
 + Level 3.1 Shields


You had 3 spell levels left.
You didn't know any spells.
Your spell library contained the following spells:

 Spells                   Type           Power      Damage    Failure   Level
 Summon Small Mammal      Summ           0%         N/A       86%         1
 Call Canine Familiar     Summ           0%         N/A       99%         3
 Summon Guardian Golem    Hex/Summ       0%         N/A       99%         3


Dungeon Overview and Level Annotations

Branches:
Dungeon (2/15)

Altars:

Shops:
D:1 !=?

Annotations:
D:1 exclusion: downstairs


Innate Abilities, Weirdness & Mutations

You are completely covered in rugged brown scales. (AC +3, +7% HP)
You have supernaturally acute eyesight. (SInv)
Armour fits poorly on your strangely shaped body.
You can roll at nearby foes to attack.
You have a long armoured tail.


Message History

You kill the ball python!
Found a stone staircase leading down.
A gnoll is nearby!
A gnoll is nearby!
The gnoll hits you from afar with a +0 spear.
You see here a white potion.
The gnoll hits you with a +0 spear.
You completely miss the gnoll. The gnoll hits you with a +0 spear.
You slash the gnoll! You tail-slap the gnoll.
You kill the gnoll!
Your Axes skill increases to level 3!
You have reached level 4!
You feel agile.
d - a white potion You see here a +0 spear.
The gnoll shouts!
There are monsters nearby!
Unknown command.
Throw: 11 boomerangs
Press: ? - help, Q - select action, (/) - cycle Shift-Dir - straight line, f - gnoll
Aim: a gnoll, wielding a +0 halberd of venom (61% to hit)
Okay, then.
Roll where?
Press: ? - help, Dir - move target, f - gnoll
Aim: a gnoll, wielding a +0 halberd of venom You roll forward with a clatter of scales!
You closely miss the gnoll.
The gnoll shouts!
You hear an angry hiss.
The gnoll hits you with a +0 halberd of venom!
You are poisoned.
You barely miss the gnoll. You tail-slap the gnoll.
The gnoll is lightly wounded.
You feel very sick.
The gnoll hits you with a +0 halberd of venom!
You are lethally poisoned!
The gnoll hits you with a +0 halberd of venom!
* * * LOW HITPOINT WARNING * * *
You are more poisoned.
It was a potion of haste.
You feel yourself speed up.
You die...

#..# #.#
#..#####.#
#........#
#..#######
########..#
##.........#
>g.......##
#g######.#
#@######.#
#..).....#
#..#######
#..# #..#
#..# #..#
#..# #..#


You could see 2 gnolls.

Vanquished Creatures
  An adder (D:2)
  A gnoll (D:2)
  A worm (D:2)
  5 ball pythons
  13 bats
  3 endoplasms
  A giant cockroach (D:1)
  3 goblins (D:2)
  2 hobgoblins
  4 jackals (D:2)
  2 quokkas
  A frilled lizard (D:1)
  6 kobolds
  4 rats
47 creatures vanquished.

Notes
Turn   | Place    | Note
-------+----------+-------------------------------------------
     0 | D:1      | grindst0ne the Palentonga Fighter began the quest for the
                  | Orb.
     0 | D:1      | Reached XP level 1. HP: 19/19 MP: 1/1
    44 | D:1      | Found Urchoam's Magic Scroll Shoppe.
   235 | D:1      | Found Zeukkev's Jewellery Shop.
   270 | D:1      | Reached XP level 2. HP: 25/25 MP: 2/2
   338 | D:1      | Found Ykappim's Assorted Antiques.
   745 | D:1      | Found Ymateol's Distillery.
   947 | D:1      | Reached XP level 3. HP: 7/31 MP: 3/3
  1676 | D:2      | Reached XP level 4. HP: 33/39 MP: 4/4
  1681 | D:2      | Succumbed to a gnoll's poison

Illustrated notes

Levels and vault maps discovered:
D:1:      dpeg_arrival_connections, layout_basic, serial_shops, shop, shop,
          shop, nicolae_diamond_shop, st_stairs_3
D:2:      layout_loops_ring

Skill      XL: |  1  2  3 |
---------------+----------+-----
Shields        | 3 |  3.1
Axes           | 3 |  3.0
Fighting       | |  3.7
Armour         | |  2.4

Action                   |  1- 3 |  4- 6 || total
-------------------------+-------+-------++-------
Melee: War axe           |   111 |     2 ||   113
       Tailslap          |     8 |     1 ||     9
Throw: Boomerang         |     2 |       ||     2
 Abil: Rolling Charge    |     1 |     1 ||     2
  Use: Potion            |     1 |     1 ||     2
Armor: Scale mail        |   101 |       ||   101
Dodge: Dodged            |    55 |       ||    55
Block: Buckler           |    27 |       ||    27

Table legend: (Time is in decaauts)
 A = Elapsed time spent in this place.
 B = Non-inter-level travel time spent in this place.
 C = Inter-level travel time spent in this place.
 D = Time resting spent in this place.
 E = Time spent auto-exploring this place.
 F = Levels seen in this place.
 G = Mean time per level.
                   A        B        C        D        E       F      G
               +--------+--------+--------+--------+--------+-----+--------+
         Total |   1729 |   1645 |     84 |    240 |   1032 |   2 |  864.5 |
       Dungeon |   1729 |   1645 |     84 |    240 |   1032 |   2 |  864.5 |
               +--------+--------+--------+--------+--------+-----+--------+

Top non-repeatable levels by time:
     D:1: 1239 daAuts
     D:2: 490 daAuts
